 Dungeon Crawl Stone Soup version 0.30.0-20-g3b4254fcbd (webtiles) character file.

Game seed: 2830170558631359926

4909 Irreverend the Nimble (level 10, -5/77 HPs)
             Began as a Djinni Fire Elementalist on June 3, 2023.
             Was a Believer of Makhleb.
             Engulfed by a cloud of flame (7 damage)
             ... on level 9 of the Dungeon.
             The game lasted 00:16:09 (9971 turns).

Irreverend the Nimble (Djinni Fire Elementalist)    Turns: 9971, Time: 00:16:10

Health: -5/77      AC:  3    Str:  7    XL:     10   Next: 80%
Gold:   481        EV: 19    Int: 20    God:    Makhleb [**....] SH:  0 Dex: 21

rFire   + + .        (no weapon)
rCold   x . .        (no shield)
rNeg    . . .        a - +0 robe
rPois   ∞            g - +0 hat
rElec   .            (no cloak)
rCorr   .            i - +0 pair of gloves
SInv    .            (boots unavailable)
Will    ++...        (no amulet)
Stlth   ++           q - ring of willpower
HPRegen 0.32/turn    v - +6 ring of dexterity
MPRegen 0.00/turn

%: infuse magic (-6 HP)
@: flying
A: sickness immunity, fire resistance 2, cold vulnerability 1, float, innate
caster, HP casting, extra vitality 1
a: Renounce Religion, Minor Destruction


You were on level 9 of the Dungeon.
You worshipped Makhleb.
Makhleb was pleased with you.
You visited 2 branches of the dungeon, and saw 10 of its levels.

You collected 481 gold pieces.

Inventory:

Armour
 a - a +0 robe (worn)
 g - a +0 hat (worn)
 i - a +0 pair of gloves (worn)
Jewellery
 q - a ring of willpower (left hand)
 v - a +6 ring of dexterity (right hand)
 w - a ring of ice
 G - a +6 ring of dexterity
Wands
 D - a wand of acid (9)
 E - a wand of polymorph (9)
 F - a wand of flame (19)
Scrolls
 b - a scroll of silence {unknown}
 e - 5 scrolls of enchant armour {unknown}
 f - a scroll of enchant weapon {unknown}
 h - 4 scrolls of fog {unknown}
 l - 13 scrolls of identify {unknown}
 m - a scroll of vulnerability {unknown}
 n - 3 scrolls of noise {unknown}
 p - 3 scrolls of teleportation {unknown}
 s - 2 scrolls of fear {unknown}
 x - a scroll of amnesia {unknown}
 y - a scroll of magic mapping {unknown}
 z - 2 scrolls of brand weapon {unknown}
 A - a scroll of immolation {unknown}
 B - a scroll of poison {unknown}
 H - 3 scrolls of blinking {unknown}
Potions
 c - 4 potions of mutation {unknown}
 d - 5 potions of curing {unknown}
 j - 3 potions of lignification {unknown}
 k - a potion of magic {unknown}
 o - 3 potions of haste
 r - 2 potions of might {unknown}
 t - a potion of berserk rage {unknown}
 u - a potion of brilliance {unknown}
 C - a potion of flight {unknown}
 I - 2 potions of attraction {unknown}


   Skills:
 + Level 8.7 Fighting
 + Level 9.9 Dodging
 - Level 1.5 Stealth
 + Level 7.2 Spellcasting


You knew the following spells:

 Your Spells              Type           Power      Damage    Failure   Level
a - Foxfire               Conj/Fire      100%       2x1d9     1%          1
b - Scorch                Fire           72%        2d8       1%          2
c - Volatile Blastmotes   Fire/Tloc      72%        2d16      1%          3
d - Inner Flame           Hex/Fire       36%        N/A       1%          3
e - Flame Wave            Conj/Fire      36%        2d10      4%          4
f - Shock                 Conj/Air       100%       1d9       1%          1
g - Searing Ray           Conj           72%        2d7       1%          2
h - Dazzling Flash        Conj/Hex       72%        N/A       1%          3
i - Summon Guardian Gole  Hex/Summ       36%        N/A       1%          3
Your spell library was empty.

Dungeon Overview and Level Annotations

Branches:
Dungeon (9/15)             Temple (1/1) D:7             Orc (0/2) D:9
   Lair: D:8-11

Altars:
Cheibriados
Dithmenos
Fedhas
Gozag
Makhleb
Nemelex Xobeh
Okawaru
Qazlal
Ru
Trog
Xom
The Shining One

Shops:
D:4 :


Innate Abilities, Weirdness & Mutations

You are immune to sickness and miasma.
You are immune to poison.
Your flesh is very heat resistant. (rF++)
You are vulnerable to cold. (rC-)
You float through the air rather than walking.
You learn spells naturally, not from books.
Your magical power is your life essence.
You have superior vitality. (+4 MHP)


Message History

Confirm with . or Enter, or press ? or * to list all spells.
Aiming: Inner Flame (safe; 1% risk of failure)
Press: ? - help, Dir - move target, f - orc warrior
Aim: an orc warrior, wielding a +0 scimitar and wearing a +0 plate armour (almost dead, chance to affect: 87%)
The orc warrior is filled with an inner flame.
Casting: Inner Flame (safe; 1% risk of failure)
Confirm with . or Enter, or press ? or * to list all spells.
Casting: Flame Wave (dangerous; 4% risk of failure)
Press: ? - help, Dir - look around, f - activate A wave of flame ripples out!
The flame wave engulfs the orc warrior!
Makhleb accepts your kill. (Press . to intensify the flame waves.)
The orc warrior explodes!
The fiery explosion engulfs you! You resist.
* * * LOW HITPOINT WARNING * * *
You are engulfed in blazing flames.
You resist.
* * * LOW HITPOINT WARNING * * *
The centaur wields a +0 shortbow.
The centaur shoots an arrow.
The arrow misses you.
The centaur shoots an arrow.
The arrow hits you!
* * * LOW HITPOINT WARNING * * *
A wave of flame ripples out!
The flame wave engulfs the centaur!
The centaur is almost dead.
The flame wave engulfs the orc.
You kill the orc!
Makhleb accepts your kill.
* * * LOW HITPOINT WARNING * * *
You are engulfed in blazing flames.
You resist.
* * * LOW HITPOINT WARNING * * *
The centaur shoots an arrow.
The arrow misses you.
A wave of flame ripples out!
The flame wave engulfs the centaur!
You kill the centaur!
Makhleb accepts your kill.
You can now harness Makhleb's destructive might.
The flame wave engulfs the orc!
You kill the orc!
Makhleb accepts your kill.
* * * LOW HITPOINT WARNING * * *
You finish channelling waves of flame.
You are engulfed in blazing flames.
You resist.
You die...

.
....##############
....)..))§@.>....#
...)###.)#§#.###.#
. #.##§§..<#.#
#......#.#.#
##.#....###.#
#..#.#......#
#....########
###.#### ####...#


There were no monsters in sight!

Vanquished Creatures
  3 wyverns
  A wraith (D:9)
  A steam dragon (D:6)
  2 orc warriors (D:9)
  6 water moccasins
  An ice beast (D:6)
  A sky beast (D:5)
  A black bear (D:6)
  3 ogres
  6 centaurs
  3 phantoms (D:5)
  3 kobold brigands
  3 bullfrogs
  A gnoll sergeant (D:8)
  5 scorpions
  4 wights (D:6)
  6 hounds
  7 orc priests
  6 jellies
  2 sleepcaps
  4 iguanas
  9 orc wizards
  Robin (D:4)
  3 gnolls (D:8)
  10 adders
  2 shadow imps
  2 white imps
  2 ufetubi
  A worm (D:3)
  5 dart slugs
  41 orcs
  8 ball pythons
  3 bats
  10 endoplasms
  5 giant cockroaches
  15 goblins
  10 hobgoblins
  9 jackals
  A quokka (D:1)
  2 frilled lizards
  27 kobolds
  3 rats
238 creatures vanquished.

Vanquished Creatures (others)
  845 foxfires
845 creatures vanquished.

Grand Total: 1083 creatures vanquished

Notes
Turn   | Place    | Note
-------+----------+-------------------------------------------
     0 | D:1      | Irreverend the Djinni Fire Elementalist began the quest for
                  | the Orb.
     0 | D:1      | Irreverend set off with the following spells memorised:
                  | Foxfire, Scorch, Volatile Blastmotes, Inner Flame, Flame
                  | Wave.
     0 | D:1      | Reached XP level 1. HP: 15/15 MP: 0/0
   117 | D:1      | You are sucked into a shaft and drop 1 floor!
   135 | D:2      | Reached XP level 2. HP: 15/22 MP: 0/0
   168 | D:2      | Reached skill level 1 in Fighting
   182 | D:2      | Reached XP level 3. HP: 20/27 MP: 0/0
   182 | D:2      | Learned a level 1 spell: Shock
   507 | D:1      | Reached skill level 3 in Dodging
   723 | D:1      | Reached XP level 4. HP: 22/32 MP: 0/0
  1230 | D:2      | Found a sparkling altar of Nemelex Xobeh.
  1730 | D:3      | Reached XP level 5. HP: 26/38 MP: 0/0
  1730 | D:3      | Learned a level 2 spell: Searing Ray
  2097 | D:3      | Found a bloodstained altar of Trog.
  2413 | D:3      | Found a sacrificial altar of Ru.
  2713 | D:4      | Noticed an ogre
  2853 | D:4      | Noticed an ogre
  2867 | D:3      | Killed an ogre
  2868 | D:3      | Reached skill level 4 in Dodging
  2868 | D:3      | Reached XP level 6. HP: 36/46 MP: 0/0
  3219 | D:4      | Found a shimmering altar of Xom.
  3459 | D:4      | Reached XP level 7. HP: 26/50 MP: 0/0
  3459 | D:4      | Learned a level 3 spell: Dazzling Flash
  3683 | D:4      | Noticed Robin
  3686 | D:4      | Killed Robin
  3744 | D:4      | Found Ulofesue's Book Shoppe.
  4143 | D:4      | Reached skill level 5 in Dodging
  4683 | D:5      | Entered Level 5 of the Dungeon
  4786 | D:5      | Found an iron altar of Okawaru.
  4801 | D:5      | Reached XP level 8. HP: 51/58 MP: 0/0
  4954 | D:5      | Reached skill level 6 in Dodging
  5020 | D:5      | Reached skill level 5 in Fighting
  5491 | D:5      | Reached skill level 5 in Spellcasting
  5884 | D:5      | Reached skill level 7 in Dodging
  5884 | D:5      | Reached XP level 9. HP: 61/66 MP: 0/0
  5884 | D:5      | Learned a level 3 spell: Summon Guardian Golem
  6598 | D:6      | Reached skill level 8 in Dodging
  7313 | D:7      | Reached XP level 10. HP: 41/75 MP: 0/0
  7936 | D:7      | Found a staircase to the Ecumenical Temple.
  7968 | Temple   | Entered the Ecumenical Temple
  7984 | Temple   | Became a worshipper of Makhleb the Destroyer
  8175 | D:8      | Reached skill level 9 in Dodging
  8240 | D:8      | Found a blossoming altar of Fedhas.
  8243 | D:8      | Found a stormy altar of Qazlal.
  9095 | D:8      | Reached * piety under Makhleb
  9544 | D:9      | Found a staircase to the Orcish Mines.
  9970 | D:9      | HP: 2/77 [cloud of flame (3)]
  9971 | D:9      | Reached ** piety under Makhleb
  9971 | D:9      | Engulfed by a cloud of flame

Illustrated notes

Levels and vault maps discovered:
D:1:      lemuel_arrival_rhombus, layout_rooms, solitary_fountain
D:2:      layout_rooms, basic_altar
D:3:      layout_loops_corners, lemuel_crystal_altar, lightli_temple_of_fire,
          chequers_arboretum
D:4:      cheibrodos_pilgrimage, layout_layer_cave, xom_confusion_cloud,
          serial_shops, shop, uniq_robin
D:5:      kennysheep_six_static_rooms, layout_loops_corners,
          mainiacjoe_overflow_paths, mainiacjoe_overflow_chevrons
D:6:      layout_loops_ring
D:7:      layout_layer_cave, minmay_temple_entry_large_hall,
          minmay_misc_feat_four_crosses
D:8:      layout_basic, grunt_temple_overflow_forces_of_nature,
          hangedman_decor_peaks_small
D:9:      layout_basic, nicolae_uskayaw_en_pointe, orc_david_3,
          minmay_crystal_room, chequers_serial_rivers_small_b
Temple:   nicolae_temple_bog_church

Skill      XL: |  1  2  3  4  5  6  7  8  9 10 |
---------------+-------------------------------+-----
Fighting       | 1 2 3 4 5 7 8 |  8.7
Dodging        | 3 4 5 7 8 9 |  9.9
Spellcasting   | 3 4 5 6 7 |  7.2
Stealth        | |  1.5

Action                     |  1- 3 |  4- 6 |  7- 9 | 10-12 || total
---------------------------+-------+-------+-------+-------++-------
  Melee: Unarmed           |     1 |       |       |       ||     1
   Cast: Foxfire           |    84 |   162 |   147 |   133 ||   526
         Scorch            |     9 |    28 |    60 |    53 ||   150
         Searing Ray       |       |       |     6 |       ||     6
         Inner Flame       |       |       |     2 |     6 ||     8
         Volatile Blastmot |       |       |     2 |     6 ||     8
         Flame Wave        |       |       |     2 |     4 ||     6
         Summon Guardian G |       |       |     1 |       ||     1
 Armour: Robe              |     5 |    14 |     8 |     3 ||    30
  Dodge: Dodged            |    18 |    28 |    39 |    22 ||   107
